 Dungeon Crawl Stone Soup version 0.29.1-13-g9f3cf754e1 (webtiles) character file.

Game seed: 12906063009506283594

1785 bnorton916 the Conjurer (level 8, -1/41 HPs)
             Began as a Deep Elf Fire Elementalist on Feb 11, 2023.
             Slain by an ice beast (10 damage)
             ... on level 6 of the Dungeon.
             The game lasted 00:10:20 (9907 turns).

bnorton916 the Conjurer (DEFE)                      Turns: 9907, Time: 00:10:20

Health: -1/41      AC:  4    Str:  5    XL:     8   Next: 81%
Magic:  14/21      EV: 11    Int: 29    God:
Gold:   518        SH:  0    Dex: 15    Spells: 9/21 levels left

rFire   . . .      SeeInvis .   m - +3 dagger
rCold   . . .      Faith    .   (no shield)
rNeg    . . .      Spirit   .   B - +0 leather armour {Will+}
rPois   .          Reflect  .   C - +0 helmet
rElec   .          Harm     .   (no cloak)
rCorr   .          Rampage  .   (no gloves)
Will    +....                   (no boots)
Stlth   ++........              (no amulet)
HPRegen 0.13/turn               k - ring of wizardry
MPRegen 0.17/turn               q - +6 ring of intelligence

@: no status effects
A: no striking features
a: no special abilities


You were on level 6 of the Dungeon.
You visited 1 branch of the dungeon, and saw 6 of its levels.

You collected 518 gold pieces.

Inventory:

Hand Weapons
 l - a +3 trident of venom
 m - a +3 dagger (weapon)
 u - a +4 sling
Missiles
 d - 7 atropa-tipped darts
 e - 4 curare-tipped darts (quivered)
 r - 8 large rocks
 E - 2 poisoned darts
Armour
 a - a +0 robe
 B - a +0 leather armour of willpower (worn)
 C - a +0 helmet (worn)
Jewellery
 k - a ring of wizardry (left hand)
 q - a +6 ring of intelligence (right hand)
 y - a ring of ice
Wands
 F - a wand of digging (4)
Scrolls
 h - a scroll of noise
 j - a scroll of poison
 n - a scroll of magic mapping
 o - a scroll of teleportation
 v - a scroll of summoning {unknown}
 w - a scroll of fog {unknown}
 x - 2 scrolls of enchant armour {unknown}
 z - a scroll of torment {unknown}
Potions
 b - a potion of magic
 c - 3 potions of brilliance {unknown}
 f - 2 potions of mutation {unknown}
 g - a potion of lignification
 i - 2 potions of curing {unknown}
 p - 2 potions of haste {unknown}
 s - 4 potions of degeneration {unknown}
 t - 4 potions of flight
 A - a potion of cancellation {unknown}
 D - a potion of attraction {unknown}


   Skills:
 - Level 4.0 Armour
 - Level 2.4 Dodging
 - Level 2.4 Stealth
 - Level 7.3 Spellcasting
 + Level 7.9 Conjurations
 - Level 6.5 Fire Magic


You had 9 spell levels left.
You knew the following spells:

 Your Spells              Type           Power      Damage    Failure   Level
a - Foxfire               Conj/Fire      100%       2x1d9     1%          1
b - Scorch                Fire           96%        2d9       1%          2
c - Conjure Flame         Conj/Fire      51%        6-21      1%          3
d - Flame Wave            Conj/Fire      51%        2d13      1%          4
e - Poisonous Vapours     Pois/Air       20%        N/A       4%          2

Your spell library contained the following spells:

 Spells                   Type           Power      Damage    Failure   Level
 Inner Flame              Hex/Fire       29%        N/A       2%          3
 Corpse Rot               Necr/Pois/Air  10%        N/A       28%         4


Dungeon Overview and Level Annotations

Branches:
Dungeon (6/15)             Temple (0/1) D:6

Altars:
Fedhas
Trog
Uskayaw

Shops:
D:1 :


Message History

Casting: Foxfire (safe; 1% risk of failure)
Confirm with . or Enter, or press ? or * to list all spells.
You conjure some foxfire!
The foxfire hits the iguana but does no damage.
The foxfire hits the iguana.
The iguana is moderately wounded.
The foxfire hits the iguana but does no damage.
The iguana is moderately wounded.
Casting: Foxfire (safe; 1% risk of failure)
Confirm with . or Enter, or press ? or * to list all spells.
You conjure some foxfire!
The foxfire hits the iguana but does no damage.
The iguana is moderately wounded.
The foxfire hits the iguana.
The iguana is heavily wounded.
The iguana bites you!
Casting: Foxfire (safe; 1% risk of failure)
Confirm with . or Enter, or press ? or * to list all spells.
You conjure some foxfire!
The iguana bites you!
The foxfire hits the iguana but does no damage.
The iguana is moderately wounded.
The foxfire hits the iguana.
The iguana is heavily wounded.
The iguana bites you!
* * * LOW HITPOINT WARNING * * *
The ice beast hits you but does no damage.
Casting: Foxfire (safe; 1% risk of failure)
Confirm with . or Enter, or press ? or * to list all spells.
Casting: Flame Wave (dangerous; 1% risk of failure)
Press: ? - help, Dir - look around, f - activate A wave of flame ripples out!
The flame wave engulfs the ice beast.
The ice beast melts!
The ice beast is moderately wounded.
The flame wave engulfs the iguana!
You kill the iguana! (Press . to intensify the flame waves.)
The ice beast hits you.
* * * LOW HITPOINT WARNING * * *
The ice beast freezes you!
You die...

*,***,,,,,*,,,,,,,,,,,
*,,.#,,,,...,,,,,,,,**
***,.,,,,..,,,,,,,,,**
**.##,..,,,,,,,,,**,
*..##.,,,,,,,,,,*,,
*#...,,#,,,,>****,,
######..##.#..,,,*,,,,,
##....Y.......#,*,*,_,,,
##......@......#.***,,,,,
#.......ยง........#
****,, #................#
*,,
#................#######,
#...................#..#*
#..)............###.#.#**
#...............##....##,
##.............#*#.....#*
##.....#.....## #.###.##


You could see an ice beast.

Vanquished Creatures
  Menkaure (D:6)
  2 ice beasts (D:6)
  A black bear (D:5)
  An ogre (D:6)
  A centaur (D:5)
  2 phantoms
  Blork the orc (D:6)
  2 scorpions
  A gnoll sergeant (D:5)
  A necrophage (D:5)
  A howler monkey (D:5)
  5 hounds
  2 jellies
  3 iguanas
  3 orc wizards
  8 adders
  16 gnolls (D:5)
  A shadow imp (D:6)
  A white imp (D:6)
  An ufetubus (D:5)
  2 worms (D:2)
  3 dart slugs
  27 orcs
  7 ball pythons
  3 bats
  8 endoplasms
  6 giant cockroaches
  4 goblins
  12 hobgoblins
  16 jackals
  7 kobolds
  4 quokkas
  4 frilled lizards
  7 rats
164 creatures vanquished.

Vanquished Creatures (others)
  646 foxfires
  A plant (D:5)
647 creatures vanquished.

Grand Total: 811 creatures vanquished

Notes
Turn   | Place    | Note
-------+----------+-------------------------------------------
     0 | D:1      | bnorton916 the Deep Elf Fire Elementalist began the quest
                  | for the Orb.
     0 | D:1      | Reached XP level 1. HP: 10/10 MP: 6/6
   384 | D:1      | Reached XP level 2. HP: 15/15 MP: 5/8
   594 | D:1      | Found Ciuguemp's Book Emporium.
  1587 | D:1      | Reached XP level 3. HP: 19/19 MP: 8/10
  1777 | D:2      | Learned a level 2 spell: Scorch
  2561 | D:2      | Learned a level 3 spell: Conjure Flame
  2881 | D:2      | Reached XP level 4. HP: 23/24 MP: 7/12
  3379 | D:3      | Found a bloodstained altar of Trog.
  4006 | D:3      | Reached XP level 5. HP: 28/28 MP: 11/14
  4069 | D:3      | Found a faded altar of an unknown god.
  4244 | D:4      | Reached skill level 5 in Spellcasting
  4756 | D:4      | Reached skill level 5 in Fire Magic
  4924 | D:4      | Learned a level 4 spell: Flame Wave
  5021 | D:4      | Reached XP level 6. HP: 32/32 MP: 11/16
  5650 | D:5      | Entered Level 5 of the Dungeon
  5654 | D:5      | Found a hide-covered altar of Uskayaw.
  5706 | D:5      | Found a blossoming altar of Fedhas.
  5877 | D:5      | Reached XP level 7. HP: 16/36 MP: 9/18
  6618 | D:5      | Reached skill level 5 in Conjurations
  7132 | D:5      | Learned a level 2 spell: Poisonous Vapours
  7543 | D:5      | Reached skill level 1 in Armour
  7802 | D:5      | Reached XP level 8. HP: 41/41 MP: 18/21
  9124 | D:6      | Noticed Menkaure
  9130 | D:6      | Killed Menkaure
  9157 | D:6      | Noticed Blork the orc
  9165 | D:6      | Killed Blork the orc
  9692 | D:6      | Noticed a manticore
  9907 | D:6      | Slain by an ice beast

Illustrated notes

Levels and vault maps discovered:
D:1:      ncdulo_wetmaze, layout_basic, serial_shops, nicolae_square_shop,
          minmay_indecisive_spiral
D:2:      layout_loops_corners
D:3:      layout_basic, mainiacjoe_overflow_cross_hatched,
          hellmonk_ecumenical_altar_inner_sanctum
D:4:      layout_loops_ring, minmay_misc_feat_x, st_stairs_12,
          grunt_decor_resistance
D:5:      lemuel_castle_with_subvaults [lemuel_castle_interior_original],
          layout_basic, nicolae_overflow_crystal_walls, amcnicky_altar_gilded
D:6:      layout_rooms, tgw_sif, minmay_temple_entry_fiery,
          kennysheep_generic_room_13, uniq_menkaure, uniq_blork_the_orc

Skill      XL: |  1  2  3  4  5  6  7  8 |
---------------+-------------------------+-----
Conjurations   | 2 3 4 5 7 |  7.9
Spellcasting   | 4 5 6 7 |  7.3
Fire Magic     | 4 5 6 |  6.5
Armour         | 1 4 |  4.0
Dodging        | |  2.4
Stealth        | |  2.4

Action                   |  1- 3 |  4- 6 |  7- 9 || total
-------------------------+-------+-------+-------++-------
Melee: Dagger            |       |       |     1 ||     1
 Cast: Foxfire           |   109 |   115 |   170 ||   394
       Scorch            |    10 |    11 |    20 ||    41
       Flame Wave        |       |       |     1 ||     1
  Use: Potion            |     1 |     1 |       ||     2
       Scroll            |       |     2 |     7 ||     9
Armor: Robe              |    12 |     6 |     6 ||    24
       Leather armour    |       |       |     4 ||     4
Dodge: Dodged            |    32 |    27 |    36 ||    95
